 Dungeon Crawl Stone Soup version 0.27-a0-1149-g4505690ab0 (webtiles) character file.

Game seed: 2497499930438744025

44 voltaire321 the Ducker (level 3, -3/28 HPs)
             Began as a Merfolk Gladiator on May 13, 2021.
             Killed from afar by Natasha (7 damage)
             ... with a magic dart
             ... on level 2 of the Dungeon.
             The game lasted 00:02:10 (1637 turns).

voltaire321 the Ducker (Merfolk Gladiator)          Turns: 1637, Time: 00:02:10

Health: -3/28      AC:  5    Str: 14    XL:     3   Next: 60%
Magic:  3/3        EV: 13    Int:  7    God:
Gold:   55         SH:  0    Dex: 16    Spells: 2/2 levels left

rFire    . . .     SeeInvis .   a - +0 long sword
rCold    . . .     Faith    .   (no shield)
rNeg     + . .     Spirit   .   b - +0 leather armour
rPois    .         Reflect  .   c - +0 helmet
rElec    .         Harm     .   (no cloak)
rCorr    .         Rampage  .   (no gloves)
Will     .....                  h - +0 pair of boots
Stlth    +.........             (no amulet)
HPRegen  0.09/turn              p - ring of positive energy
MPRegen  0.08/turn              (no ring)

@: slowed, very slow
A: (nimble swimmer 2), mertail
a: no special abilities


You were on level 2 of the Dungeon.
You visited 1 branch of the dungeon, and saw 2 of its levels.

You collected 55 gold pieces.

Inventory:

Hand Weapons
 a - a +0 long sword (weapon)
Missiles
 d - 3 throwing nets (quivered)
Armour
 b - a +0 leather armour (worn)
 c - a +0 helmet (worn)
 h - a +0 pair of boots (worn)
Jewellery
 p - a ring of positive energy (left hand)
Scrolls
 f - a scroll of identify {unknown}
 g - a scroll of enchant armour {unknown}
 m - a scroll of noise {unknown}
 o - a scroll of holy word {unknown}
Potions
 e - 2 potions of brilliance {unknown}
 i - a potion of haste {unknown}
 j - a potion of heal wounds {unknown}
 k - 2 potions of lignification {unknown}
 l - a potion of mutation {unknown}
 n - a potion of magic {unknown}


   Skills:
 + Level 2.8 Fighting
 + Level 3.7 Long Blades
 + Level 2.6 Throwing
 + Level 4.5 Dodging


You had 2 spell levels left.
You didn't know any spells.
Your spell library was empty.

Dungeon Overview and Level Annotations

Branches:
Dungeon (2/15)

Altars:

Annotations:
D:2 Natasha


Innate Abilities, Weirdness & Mutations

((You are quick and stealthy near water. (Stealth+, EV+, Speed+++)))
Your lower body shifts to a powerful aquatic tail in water.


Message History

Natasha casts a spell.
You hit Natasha.
Natasha is moderately wounded.
Natasha claws you. The crimson imp misses you.
You hit Natasha but do no damage.
Natasha is moderately wounded.
Natasha closely misses you. The crimson imp hits you.
Natasha claws you but does no damage. The crimson imp barely misses you.
You riposte.
You miss the crimson imp. You hit Natasha.
Natasha is severely wounded.
Natasha stares at you and mumbles some strange words.
The magic dart hits you. The crimson imp hits you. Natasha claws you!
* * * LOW HITPOINT WARNING * * *
The crimson imp hits you but does no damage.
You barely miss Natasha.
Natasha is severely wounded.
Natasha closely misses you.
You riposte.
You hit Natasha but do no damage.
Natasha is severely wounded.
The crimson imp closely misses you. Natasha closely misses you.
You riposte.
You barely miss Natasha.
Natasha is severely wounded.
The crimson imp closely misses you.
You hit Natasha but do no damage.
Natasha is severely wounded.
Natasha stares at you and mumbles some strange words.
The magic dart hits you.
* * * LOW HITPOINT WARNING * * *
The crimson imp barely misses you.
Natasha howls an incantation.
Natasha glows brightly for a moment.
Natasha barely misses you.
You riposte.
You closely miss Natasha.
Natasha is severely wounded.
The crimson imp hits you.
* * * LOW HITPOINT WARNING * * *
You hit Natasha.
Natasha is severely wounded.
Natasha stares at you and mumbles some strange words.
The magic dart hits you!
You die...

...##..).### #. ..
#.##..###.. #.#.#
#..(......#
#.#.#####...###..##
#.#.#........#.....#
#.#.#..........##.###
#.............###.###
...#h#........###....
#.##@#######.........
#.##5# #..#...##.
#.####)##.### ##....##...
#...........####..#..##.#.
######.##.#.......#..#..#.
#.##.#######.#....###
#.##.# #...)### # #.##.#
#####.....####
#..#.###......#......


You could see Natasha and a crimson imp (summoned).

Vanquished Creatures
  An adder (D:2)
  A dart slug (D:2)
  3 bats
  5 endoplasms
  3 goblins
  A hobgoblin (D:1)
  3 kobolds (D:1)
  3 quokkas (D:1)
  3 ball pythons
  4 frilled lizards
  4 rats
31 creatures vanquished.

Notes
Turn   | Place    | Note
-------+----------+-------------------------------------------
     0 | D:1      | voltaire321 the Merfolk Gladiator began the quest for the
                  | Orb.
     0 | D:1      | Reached XP level 1. HP: 16/16 MP: 1/1
   211 | D:1      | Reached XP level 2. HP: 15/23 MP: 2/2
   776 | D:1      | Found a faded altar of an unknown god.
  1322 | D:2      | Reached XP level 3. HP: 28/28 MP: 3/3
  1624 | D:2      | Noticed Natasha
  1637 | D:2      | Killed from afar by Natasha

Illustrated notes

Levels and vault maps discovered:
D:1:      dpeg_arrival_pits, layout_basic, hellmonk_ecumenical_altar_arch_garden
D:2:      layout_rooms, uniq_natasha

Action                   || total
-------------------------++-------
Melee: Long sword        ||    80
 Stab: Sleeping          ||     1
Armor: Leather armour    ||    34
Dodge: Dodged            ||    69
       Rpst.: Long sword ||    19

Table legend: (Time is in decaauts)
 A = Elapsed time spent in this place.
 B = Non-inter-level travel time spent in this place.
 C = Inter-level travel time spent in this place.
 D = Time resting spent in this place.
 E = Time spent auto-exploring this place.
 F = Levels seen in this place.
 G = Mean time per level.
                   A        B        C        D        E       F      G
               +--------+--------+--------+--------+--------+-----+--------+
         Total |   1657 |   1618 |     39 |    452 |    901 |   2 |  828.5 |
       Dungeon |   1657 |   1618 |     39 |    452 |    901 |   2 |  828.5 |
               +--------+--------+--------+--------+--------+-----+--------+

Top non-repeatable levels by time:
     D:1: 1327 daAuts
     D:2: 329 daAuts
